cohdb
Replays
Latest Replays
All Replays
Popular Replays
Top Player Replays
Match Explorer
How It Works
Community
CoH3 Stats
Reddit
Sign in to upload your games and track your stats! →
Sign in with Steam
Match 43944436
Unlisted
Match 43944436
Overview
Messages
Build Orders
End
Scout Squad
Scout Squad
Construct Weapon Support Center
Selects Airborne Battlegroup
M1919 Machine Gun Team
Selects Pathfinders
M1919 Machine Gun Team
Selects Paratrooper Squad Paradrop
Paratrooper Squad Paradrop
Infantry Support Center
SoF Ya Nos
S🅱️inalla 🅿️itBox
William Archer
[✚MEDIC✚] MyToine
0
0
Comments
sign in to comment!
No comments posted yet!